[Event "FIDE WYCC Girls U14 2023"]
[Site "Montesilvano"]
[Date "2023.11.18"]
[Round "6.31"]
[White "Andries, Alexia"]
[Black "Dimatangihan Anica Shey"]
[Result "1/2-1/2"]
[ECO "D48"]
[WhiteElo "1750"]
[BlackElo "1091"]
[Annotator "NA"]
[PlyCount "120"]
[EventDate "2023.11.13"]
[EventType "swiss"]
[EventCountry "ITA"]
[SourceTitle "playchess.com"]
[Source "ChessBase"]
[SourceQuality "1"]
[TimeControl "40/5400+30:1800+30"]

1. d4 d5 2. c4 e6 3. Nc3 c6 4. e3 Nf6 5. Nf3 Nbd7 6. Bd3 dxc4 7. Bxc4 b5 8. Bd3 a6 9. O-O b4 10. Na4 c5 11. b3 Bb7 12. Be2 Be7 13. Bb2 O-O 14. Rc1 Rc8 15. h3 Ne4 16. Nd2 a5 17. Nxe4 Bxe4 18. Ba6 Ra8 19. Bb5 cxd4 20. f3 Bg6 21. Bxd7 Qxd7 22. Nb6 Qa7 23. Nxa8 d3 24. Bd4 Qxa8 25. Qd2 Qd5 26. Rc4 e5 27. Bb2 Bc5 28. Kh1 e4 29. f4 Bf5 30. Rfc1 Bb6 31. Bd4 Bd8 32. Rc5 Qd7 33. Rf1 a4 34. Rcc1 axb3 35. axb3 Be6 36. Qxb4 Bxh3 37. Qd2 Bg4 38. Qb2 f6 39. b4 Be2 40. Rf2 Be7 41. Rxe2 dxe2 42. Qxe2 Rb8 43. Qc4+ Kf8 44. Bc5 Bxc5 45. bxc5 Qc6 46. Rd1 Rc8 47. Rd5 Qe8 48. Qd4 h6 49. Kg1 Ra8 50. Qc3 Qc6 51. Rd6 Qc7 52. Qd4 Rc8 53. c6 Qa5 54. Kh2 Qh5+ 55. Kg3 Qa5 56. Kf2 Qa2+ 57. Kg1 Qa5 58. Kh2 Qh5+ 59. Kg3 Qa5 60. Qxe4 Re8 1/2-1/2

[Event "FIDE WYCC Girls U14 2023"]
[Site "Montesilvano"]
[Date "2023.11.18"]
[Round "6.32"]
[White "Qi, Jenny"]
[Black "Kazhiakhmetova, Yerkenaz"]
[Result "*"]
[WhiteElo "1737"]
[BlackElo "1218"]
[Annotator "NA"]
[PlyCount "84"]
[EventDate "2023.11.13"]
[EventType "swiss"]
[EventCountry "ITA"]
[SourceTitle "playchess.com"]
[Source "ChessBase"]
[SourceQuality "1"]
[TimeControl "40/5400+30:1800+30"]

1. e4 Nf6 2. e5 Nd5 3. d4 d6 4. exd6 exd6 5. Nf3 Be7 6. c4 Nb6 7. h3 Bf5 8. Be2 O-O 9. O-O Nc6 10. d5 Ne5 11. Nd4 Bd7 12. b3 c5 13. dxc6 Nxc6 14. Nxc6 Bxc6 15. Nc3 Bf6 16. Bb2 d5 17. cxd5 Nxd5 18. Nxd5 Bxb2 19. Rb1 Qxd5 20. Qxd5 Bxd5 21. Rxb2 Rfe8 22. Bb5 Red8 23. Rd2 Be6 24. Rfd1 Rxd2 25. Rxd2 Rc8 26. Be2 Kf8 27. Bf3 Rc7 28. Kf1 Ke7 29. Ke2 h6 30. h4 b6 31. g3 Rc5 32. Kd1 Rc7 33. Rc2 Rxc2 34. Kxc2 Kd6 35. Kc3 a5 36. a3 Kc5 37. b4+ axb4+ 38. axb4+ Kd6 39. Kd4 f6 40. Be2 Bd5 41. f4 Bb7 42. Bc4 Bc6 *

[Event "FIDE WYCC Girls U14 2023"]
[Site "Montesilvano"]
[Date "2023.11.18"]
[Round "6.33"]
[White "Zhang, Michelle"]
[Black "Michalska, Lena"]
[Result "*"]
[WhiteElo "1833"]
[BlackElo "1640"]
[Annotator "NA"]
[PlyCount "83"]
[EventDate "2023.11.13"]
[EventType "swiss"]
[EventCountry "ITA"]
[SourceTitle "playchess.com"]
[Source "ChessBase"]
[SourceQuality "1"]
[TimeControl "40/5400+30:1800+30"]

1. e4 g6 2. d4 Bg7 3. Nf3 d6 4. Nc3 a6 5. Be3 b5 6. a3 Bb7 7. Qd2 Nd7 8. Be2 Rc8 9. d5 c6 10. O-O Ngf6 11. Rad1 cxd5 12. exd5 Nb6 13. Bh6 O-O 14. Bxg7 Kxg7 15. Nd4 Nbxd5 16. Nxd5 Bxd5 17. Qg5 Be4 18. Bd3 Bxd3 19. Rxd3 Rc5 20. Qd2 Qd7 21. Re1 Rfc8 22. Rh3 h5 23. c3 Rd5 24. Qe2 Re5 25. Re3 Rcc5 26. f4 Rxe3 27. Qxe3 e6 28. h3 e5 29. fxe5 Rxe5 30. Qf2 Ne4 31. Qf4 Nxc3 32. Rxe5 dxe5 33. Qxe5+ f6 34. Ne6+ Kf7 35. Ng5+ fxg5 36. Qxc3 g4 37. hxg4 Qxg4 38. Qc7+ Kf6 39. Qd8+ Kg7 40. Qe7+ Kh6 41. Qf8+ Kg5 42. Qe7+ *

[Event "FIDE WYCC Girls U14 2023"]
[Site "Montesilvano"]
[Date "2023.11.18"]
[Round "6.34"]
[White "Manco, Amaliya"]
[Black "Trunz, Tamila"]
[Result "*"]
[WhiteElo "1538"]
[BlackElo "1732"]
[Annotator "NA"]
[PlyCount "50"]
[EventDate "2023.11.13"]
[EventType "swiss"]
[EventCountry "ITA"]
[SourceTitle "playchess.com"]
[Source "ChessBase"]
[SourceQuality "1"]
[TimeControl "40/5400+30:1800+30"]

1. e4 c5 2. Nf3 e6 3. d3 Nc6 4. g3 Nf6 5. Bg2 d5 6. Nbd2 g6 7. O-O Bg7 8. Re1 O-O 9. c3 b6 10. a3 Bb7 11. Rb1 Ba6 12. e5 Nd7 13. d4 cxd4 14. cxd4 f6 15. exf6 Bxf6 16. Rxe6 Nxd4 17. Nxd4 Bxd4 18. Bxd5 Bxf2+ 19. Kg2 Nf6 20. Ba2 Kg7 21. b4 Bd4 22. h3 Nd5 23. Ne4 Nc3 24. Re7+ Kh8 25. Rxh7+ Kxh7 *

[Event "FIDE WYCC Girls U14 2023"]
[Site "Montesilvano"]
[Date "2023.11.18"]
[Round "6.35"]
[White "Aswinika Mani R"]
[Black "Yu, Avery"]
[Result "1-0"]
[ECO "B98"]
[WhiteElo "1472"]
[BlackElo "1861"]
[Annotator "NA"]
[PlyCount "71"]
[EventDate "2023.11.13"]
[EventType "swiss"]
[EventCountry "ITA"]
[SourceTitle "playchess.com"]
[Source "ChessBase"]
[SourceQuality "1"]
[TimeControl "40/5400+30:1800+30"]

1. e4 c5 2. Nf3 d6 3. d4 cxd4 4. Nxd4 Nf6 5. Nc3 a6 6. Bg5 e6 7. f4 Be7 8. Qf3 Qc7 9. O-O-O Bd7 10. e5 dxe5 11. fxe5 Nd5 12. Bxe7 Nxe7 13. Qg3 Ng6 14. Ne4 Qxe5 15. Nd6+ Kf8 16. Qa3 Kg8 17. Nxb7 h6 18. Kb1 Kh7 19. Nf3 Qc7 20. Nd6 Bc6 21. Bd3 Bxf3 22. gxf3 Ra7 23. Nxf7 Qxf7 24. Rdg1 Qf8 25. Bxg6+ Kg8 26. Qb3 Re7 27. Rd1 h5 28. Qb6 Nd7 29. Rxd7 Rxd7 30. Qxe6+ Rf7 31. Rd1 Rh6 32. Bxf7+ Kh7 33. Qe4+ Kh8 34. Bg6 a5 35. Re1 Qg8 36. Qe8 1-0

[Event "FIDE WYCC Girls U14 2023"]
[Site "Montesilvano"]
[Date "2023.11.20"]
[Round "7.1"]
[White "Tsetskhladze, Mariam"]
[Black "Mou, Iris"]
[Result "0-1"]
[ECO "B12"]
[WhiteElo "1911"]
[BlackElo "2086"]
[Annotator "NA RC"]
[PlyCount "112"]
[EventDate "2023.11.13"]
[EventType "swiss"]
[EventCountry "ITA"]
[SourceTitle "playchess.com"]
[Source "ChessBase"]
[SourceQuality "1"]
[TimeControl "40/5400+30:1800+30"]

1. e4 c6 2. d4 d5 3. e5 Bf5 4. Nd2 e6 5. Nb3 a6 6. Nf3 c5 7. dxc5 Bxc5 8. Nxc5 Qa5+ 9. c3 Qxc5 10. Be3 Qc7 11. Qa4+ Nc6 12. Be2 Nge7 13. Bc5 O-O 14. Bd6 Qd7 15. Qf4 Be4 16. Ng5 Bg6 17. Qg4 h6 18. Nh3 Bf5 19. Qg3 Bxh3 20. Qxh3 Rfd8 21. Bd3 Nc8 22. Bc5 Nxe5 23. Be2 Ng6 24. Qg3 e5 25. Be3 Nce7 26. O-O Qe6 27. Bd3 e4 28. Be2 Nf5 29. Qh3 Qe5 30. Bg4 Nge7 31. Rad1 d4 32. Bxf5 dxe3 33. Rxd8+ Rxd8 34. fxe3 Rd3 35. Bc8 Qc5 36. Bxb7 Rxe3 37. Qh4 Rf3+ 38. Rf2 g5 39. Bxe4 Re3 40. Bh7+ Kxh7 41. Qd4 Qxd4 42. cxd4 Re1+ 43. Rf1 Rxf1+ 44. Kxf1 Kg6 45. Kf2 Nd5 46. Kf3 f5 47. a3 a5 48. b3 g4+ 49. Kf2 f4 50. h3 g3+ 51. Ke2 Kf5 52. Kf3 h5 53. h4 Nc3 54. b4 a4 55. d5 Nxd5 56. b5 Nb6 0-1

[Event "FIDE WYCC Girls U14 2023"]
[Site "Montesilvano"]
[Date "2023.11.20"]
[Round "7.2"]
[White "Kaliakhmet, Elnaz"]
[Black "Mgeladze, Kesaria"]
[Result "*"]
[WhiteElo "1933"]
[BlackElo "2065"]
[Annotator "NA RC"]
[PlyCount "68"]
[EventDate "2023.11.13"]
[EventType "swiss"]
[EventCountry "ITA"]
[SourceTitle "playchess.com"]
[Source "ChessBase"]
[SourceQuality "1"]
[TimeControl "40/5400+30:1800+30"]

1. d4 Nf6 2. c4 g6 3. g3 Bg7 4. Bg2 O-O 5. Nc3 d6 6. Nf3 c5 7. dxc5 dxc5 8. O-O Nc6 9. Bf4 Nh5 10. Be3 b6 11. Qc1 Bb7 12. Bh6 Qe8 13. Nd5 Rd8 14. Bxg7 Nxg7 15. Qc3 f6 16. Rad1 Qf7 17. a3 Nf5 18. Rfe1 Ncd4 19. e3 Nxf3+ 20. Bxf3 Rd6 21. b4 Rfd8 22. bxc5 bxc5 23. Rb1 Ba6 24. Rec1 Kg7 25. Qa5 e6 26. Nc7 Bc8 27. Qxc5 R6d7 28. Nb5 a6 29. Nc3 Nd6 30. Na4 Bb7 31. Bxb7 Rxb7 32. Qc6 Rbd7 33. Nc5 Ra7 34. Rd1 Qe7 *

[Event "FIDE WYCC Girls U14 2023"]
[Site "Montesilvano"]
[Date "2023.11.20"]
[Round "7.3"]
[White "Nurgaliyeva, Zarina"]
[Black "Huseynova, Lala"]
[Result "1-0"]
[ECO "B52"]
[WhiteElo "2104"]
[BlackElo "1867"]
[Annotator "NA RC"]
[PlyCount "77"]
[EventDate "2023.11.13"]
[EventType "swiss"]
[EventCountry "ITA"]
[SourceTitle "playchess.com"]
[Source "ChessBase"]
[SourceQuality "1"]
[TimeControl "40/5400+30:1800+30"]

1. e4 c5 2. Nf3 d6 3. Bb5+ Bd7 4. Bxd7+ Qxd7 5. d4 cxd4 6. Qxd4 Nf6 7. O-O g6 8. c4 Nc6 9. Qd3 Bg7 10. h3 Rc8 11. Nc3 O-O 12. Rb1 a6 13. Bg5 Qe6 14. b3 Nd7 15. Rfe1 b5 16. Nd5 Nde5 17. Nxe5 Nxe5 18. Qe2 f6 19. Bf4 Nc6 20. cxb5 Nd4 21. Qg4 f5 22. Qh4 Rfe8 23. Bg5 Nxb5 24. Nxe7+ Rxe7 25. Bxe7 Nc3 26. exf5 Qxf5 27. Rb2 Re8 28. Rd2 Bf6 29. Qc4+ d5 30. Qc6 Kf7 31. Qc7 Rxe7 32. Rxe7+ Bxe7 33. Qxc3 Bg5 34. Rd3 Bf6 35. Qc7+ Kg8 36. Qb8+ Kf7 37. Qb7+ Ke6 38. Qc6+ Ke7 39. Qxd5 1-0

[Event "FIDE WYCC Girls U14 2023"]
[Site "Montesilvano"]
[Date "2023.11.20"]
[Round "7.4"]
[White "Piddubna, Bozhena"]
[Black "Sachi Jain"]
[Result "*"]
[WhiteElo "2081"]
[BlackElo "1743"]
[Annotator "NA RC"]
[PlyCount "41"]
[EventDate "2023.11.13"]
[EventType "swiss"]
[EventCountry "ITA"]
[SourceTitle "playchess.com"]
[Source "ChessBase"]
[SourceQuality "1"]
[TimeControl "40/5400+30:1800+30"]

1. d4 d5 2. Nf3 e6 3. c4 Nf6 4. g3 dxc4 5. Bg2 Nc6 6. O-O Rb8 7. a4 b6 8. Na3 Bxa3 9. Rxa3 h6 10. Qc2 Ba6 11. Rd1 O-O 12. g4 Nb4 13. Qd2 Qe7 14. Ne5 Nh7 15. h4 c5 16. g5 Rfd8 17. Qf4 h5 18. Rg3 g6 19. Bf3 Nf8 20. Bxh5 gxh5 21. g6 *

[Event "FIDE WYCC Girls U14 2023"]
[Site "Montesilvano"]
[Date "2023.11.20"]
[Round "7.5"]
[White "Ciarletta, Iris"]
[Black "Gaszka, Zuzanna"]
[Result "*"]
[ECO "E00"]
[WhiteElo "1882"]
[BlackElo "1758"]
[Annotator "NA COMBH"]
[PlyCount "47"]
[EventDate "2023.11.13"]
[EventType "swiss"]
[EventCountry "ITA"]
[SourceTitle "playchess.com"]
[Source "ChessBase"]
[SourceQuality "1"]
[TimeControl "40/5400+30:1800+30"]

1. d4 Nf6 2. c4 e6 3. Nf3 Bb4+ 4. Bd2 Bxd2+ 5. Qxd2 O-O 6. Nc3 d6 7. e3 Nbd7 8. O-O-O b6 9. Qc2 Re8 10. Bd3 Bb7 11. Rhg1 a6 12. Nd2 c5 13. g4 cxd4 14. exd4 Nf8 15. h4 d5 16. Kb1 dxc4 17. Nxc4 b5 18. Ne5 Nd5 19. Nxd5 Bxd5 20. g5 Qa5 21. a3 Rec8 22. Qe2 b4 23. Qd2 Rab8 24. Rc1 *

[Event "FIDE WYCC Girls U14 2023"]
[Site "Montesilvano"]
[Date "2023.11.20"]
[Round "7.6"]
[White "Agamyradova, Mahri"]
[Black "Dicen, Elis Denele"]
[Result "0-1"]
[ECO "D02"]
[WhiteElo "1652"]
[BlackElo "1976"]
[Annotator "NA RC"]
[PlyCount "152"]
[EventDate "2023.11.13"]
[EventType "swiss"]
[EventCountry "ITA"]
[SourceTitle "playchess.com"]
[Source "ChessBase"]
[SourceQuality "1"]
[TimeControl "40/5400+30:1800+30"]

1. d4 d5 2. Nf3 Nf6 3. Bf4 e6 4. e3 Bd6 5. Bg3 O-O 6. Nbd2 c5 7. c3 Nc6 8. Bd3 b6 9. Ne5 Bb7 10. f4 Ne7 11. Qf3 Nf5 12. Bf2 Be7 13. Ng4 Nxg4 14. Qxg4 Nd6 15. O-O f5 16. Qe2 c4 17. Bc2 b5 18. Kh1 a5 19. g4 Ne4 20. Rg1 Bc6 21. gxf5 exf5 22. Nxe4 fxe4 23. Qg4 Rf7 24. Bd1 Bd7 25. Qg2 g6 26. Bg4 Bxg4 27. Qxg4 Qc8 28. Qe2 Kh8 29. Rg2 Qe6 30. Rag1 b4 31. Be1 Rb8 32. Qd1 Qc6 33. Qc1 Qa4 34. Qd2 Qxa2 35. Qd1 bxc3 36. Bxc3 Qb3 37. Qg4 Qb6 38. Qh3 Rg8 39. Qh5 Qe6 40. Bxa5 Rf5 41. Qh3 Rf6 42. Qg3 Bd6 43. Qh4 Rf7 44. Bd8 Kg7 45. Bg5 Rf5 46. Bh6+ Kh8 47. Bg5 Qf7 48. Ra1 Re8 49. Qg4 Bf8 50. Bh4 Bg7 51. Rgg1 Qb7 52. Qe2 Rb8 53. Ra2 Qb3 54. Rga1 Qd3 55. Qe1 Rff8 56. Rd1 Qc2 57. Rd2 Qb3 58. Ra3 Qb5 59. Qa1 Qd7 60. Ra7 Rb7 61. Ra8 Rbb8 62. Ra7 Qg4 63. Bf2 Qf3+ 64. Kg1 Rbd8 65. Qa5 Qg4+ 66. Kh1 g5 67. Qc7 gxf4 68. exf4 Ra8 69. Bg3 Rxa7 70. Qxa7 Qf3+ 71. Rg2 Rg8 72. Qf7 Bxd4 73. Qxg8+ Kxg8 74. Bf2+ Kf7 75. Bxd4 Qd1+ 76. Bg1 e3 0-1

[Event "FIDE WYCC Girls U14 2023"]
[Site "Montesilvano"]
[Date "2023.11.20"]
[Round "7.7"]
[White "Jiang, Tianyu"]
[Black "Jankovic, Tamara"]
[Result "1-0"]
[ECO "B66"]
[WhiteElo "1917"]
[BlackElo "1711"]
[Annotator "NA RC"]
[PlyCount "65"]
[EventDate "2023.11.13"]
[EventType "swiss"]
[EventCountry "ITA"]
[SourceTitle "playchess.com"]
[Source "ChessBase"]
[SourceQuality "1"]
[TimeControl "40/5400+30:1800+30"]

1. e4 c5 2. Nf3 d6 3. d4 cxd4 4. Nxd4 Nf6 5. Nc3 Nc6 6. Bg5 e6 7. Qd2 a6 8. O-O-O h6 9. Nxc6 bxc6 10. Bf4 d5 11. Qe3 Bb4 12. Be2 Bxc3 13. Qxc3 O-O 14. e5 Ne4 15. Qe3 f6 16. f3 fxe5 17. Bxe5 Nf6 18. Bd3 Bd7 19. g4 Nh7 20. h4 Qe7 21. c3 c5 22. Bg6 Be8 23. Bb1 Bc6 24. Qd3 Nf6 25. g5 hxg5 26. hxg5 Ne4 27. Rdg1 Bb5 28. Qe3 Rf5 29. fxe4 Rxe5 30. Qf4 Qd6 31. g6 Be8 32. Qh4 Kf8 33. Rf1+ 1-0

[Event "FIDE WYCC Girls U14 2023"]
[Site "Montesilvano"]
[Date "2023.11.20"]
[Round "7.8"]
[White "Sezdbekova, Aizhan"]
[Black "Negre, Emilie"]
[Result "*"]
[ECO "C50"]
[WhiteElo "1594"]
[BlackElo "1871"]
[Annotator "NA COMBH"]
[PlyCount "59"]
[EventDate "2023.11.13"]
[EventType "swiss"]
[EventCountry "ITA"]
[SourceTitle "playchess.com"]
[Source "ChessBase"]
[SourceQuality "1"]
[TimeControl "40/5400+30:1800+30"]

1. e4 e5 2. Nf3 Nc6 3. Bc4 Nf6 4. d3 Bc5 5. c3 d6 6. b4 Bb6 7. Nbd2 O-O 8. a4 a6 9. O-O Ne7 10. Bb2 Ng6 11. d4 Qe7 12. Re1 Nf4 13. Nf1 h5 14. Ng3 Nh7 15. Ne2 Ng6 16. Ng3 Nf4 17. Ne2 g5 18. Nxf4 exf4 19. Qd3 g4 20. Nd2 Qg5 21. Bb3 Re8 22. Bc2 Nf8 23. c4 Ng6 24. Qc3 f6 25. c5 Ba7 26. Bb3+ Kh8 27. Nc4 dxc5 28. bxc5 Bd7 29. e5 fxe5 30. Nxe5 *

[Event "FIDE WYCC Girls U14 2023"]
[Site "Montesilvano"]
[Date "2023.11.20"]
[Round "7.9"]
[White "Sneha Halder"]
[Black "Cutiyog, Jirah Floravie"]
[Result "1-0"]
[ECO "A01"]
[WhiteElo "1807"]
[BlackElo "1305"]
[Annotator "NA COMBH"]
[PlyCount "75"]
[EventDate "2023.11.13"]
[EventType "swiss"]
[EventCountry "ITA"]
[SourceTitle "playchess.com"]
[Source "ChessBase"]
[SourceQuality "1"]
[TimeControl "40/5400+30:1800+30"]

1. b3 Nf6 2. Bb2 g6 3. e4 d6 4. f4 Bg7 5. g3 c5 6. Bg2 Nc6 7. Ne2 Bg4 8. h3 Bxe2 9. Qxe2 Qc7 10. Nc3 O-O 11. g4 Nd4 12. Qd3 Rac8 13. O-O-O e5 14. f5 c4 15. Qe3 Rfd8 16. Kb1 b5 17. g5 cxb3 18. cxb3 b4 19. gxf6 Bxf6 20. Rc1 bxc3 21. dxc3 Nc6 22. Qg3 Ne7 23. Rcf1 Rf8 24. h4 h6 25. Qe3 Kh7 26. Bh3 g5 27. hxg5 Bxg5 28. Qe2 f6 29. Rfg1 Rg8 30. Qh5 d5 31. Bf1 Qd6 32. Ba3 Qc6 33. Rxg5 fxg5 34. Bxe7 d4 35. Bc4 Rg7 36. Be6 Qxe4+ 37. Ka1 Qxh1+ 38. Qxh1 1-0

[Event "FIDE WYCC Girls U14 2023"]
[Site "Montesilvano"]
[Date "2023.11.20"]
[Round "7.10"]
[White "Khulan, Bayarsaikhan"]
[Black "Lorenz, Veronika"]
[Result "1-0"]
[ECO "E67"]
[WhiteElo "1615"]
[BlackElo "1791"]
[Annotator "NA COMBH"]
[PlyCount "115"]
[EventDate "2023.11.13"]
[EventType "swiss"]
[EventCountry "ITA"]
[SourceTitle "playchess.com"]
[Source "ChessBase"]
[SourceQuality "1"]
[TimeControl "40/5400+30:1800+30"]

1. g3 Nf6 2. c4 g6 3. Bg2 Bg7 4. Nf3 d6 5. d4 O-O 6. O-O Nbd7 7. Nc3 e5 8. dxe5 dxe5 9. Qc2 c6 10. Rd1 Qe7 11. b3 a5 12. a4 Nc5 13. Ba3 e4 14. Ne1 Bf5 15. e3 Rfd8 16. Rac1 b6 17. Bxc5 bxc5 18. Rxd8+ Rxd8 19. Rd1 Kf8 20. Rd2 Rxd2 21. Qxd2 Nd7 22. Nxe4 Bxe4 23. Bxe4 Qxe4 24. Qxd7 Bc3 25. Qd8+ Kg7 26. Qd3 Qe5 27. f4 Qf6 28. Nf3 Ba1 29. Nd2 Qc3 30. Qxc3+ Bxc3 31. Ne4 Bb4 32. Kg2 h5 33. Kf3 f5 34. Nf2 Kf6 35. Nd3 Ba3 36. Ne5 Bb2 37. Nxc6 Bc3 38. e4 Ke6 39. Na7 Bb2 40. Nb5 Kf6 41. Ke3 Bc1+ 42. Kf3 Bb2 43. h3 Bc1 44. Nd6 Bd2 45. g4 fxg4+ 46. hxg4 h4 47. e5+ Ke6 48. Ne4 Bb4 49. Ng5+ Ke7 50. Ke4 Bd2 51. Nh3 Bc3 52. f5 gxf5+ 53. gxf5 Bd4 54. f6+ Kf7 55. Kf5 Kf8 56. Nf4 Kf7 57. e6+ Kf8 58. Ng6+ 1-0

[Event "FIDE WYCC Girls U14 2023"]
[Site "Montesilvano"]
[Date "2023.11.20"]
[Round "7.11"]
[White "Orazalina, Nursulu"]
[Black "Avetisyan, Ani"]
[Result "1-0"]
[ECO "B10"]
[WhiteElo "1428"]
[BlackElo "1770"]
[Annotator "NA COMBH"]
[PlyCount "137"]
[EventDate "2023.11.13"]
[EventType "swiss"]
[EventCountry "ITA"]
[SourceTitle "playchess.com"]
[Source "ChessBase"]
[SourceQuality "1"]
[TimeControl "40/5400+30:1800+30"]

1. e4 c6 2. c4 d5 3. cxd5 cxd5 4. exd5 Nf6 5. Bb5+ Bd7 6. Bc4 Qc7 7. d3 g6 8. Ne2 Bg7 9. Qb3 O-O 10. Bf4 Qb6 11. Qxb6 axb6 12. d4 Rc8 13. Bb3 Na6 14. Nbc3 b5 15. Ng3 b4 16. Nce2 Bb5 17. O-O Rd8 18. d6 exd6 19. Rfc1 Re8 20. Bc4 Bxc4 21. Rxc4 Ne4 22. Be3 h5 23. Nxe4 Rxe4 24. Kf1 Kf8 25. Rac1 Ke8 26. Nf4 b5 27. Rc6 Bxd4 28. Nd5 Bxe3 29. fxe3 Kf8 30. Rxd6 Rc4 31. Rxc4 bxc4 32. Nb6 Ke7 33. Rc6 Rd8 34. Nxc4 Nb8 35. Rb6 Rc8 36. Rxb4 Nd7 37. b3 Ke6 38. a4 Nc5 39. Rb6+ Kd5 40. Ke2 Nxb3 41. Rxb3 Rxc4 42. Ra3 Rc6 43. a5 Ra6 44. Kf3 Ke5 45. Ra4 Kf5 46. h3 f6 47. e4+ Ke5 48. g4 hxg4+ 49. hxg4 Ke6 50. Kf4 g5+ 51. Kf3 Ke5 52. Ke3 Ke6 53. Kd4 Kd6 54. Kc4 Ke5 55. Kb5 Ra8 56. a6 Kf4 57. e5+ Kxe5 58. Kb6 Ke6 59. Kb7 Rd8 60. a7 f5 61. Ra6+ Ke5 62. Ra5+ Kf4 63. gxf5 Rd7+ 64. Kb8 g4 65. a8=Q Rd8+ 66. Kb7 Rxa8 67. Kxa8 g3 68. f6 g2 69. Ra1 1-0

[Event "FIDE WYCC Girls U14 2023"]
[Site "Montesilvano"]
[Date "2023.11.20"]
[Round "7.12"]
[White "Romany, Joy"]
[Black "Mkrtchyan, Anahit H."]
[Result "0-1"]
[ECO "E12"]
[WhiteElo "1764"]
[BlackElo "1630"]
[Annotator "NA COMBH"]
[PlyCount "153"]
[EventDate "2023.11.13"]
[EventType "swiss"]
[EventCountry "ITA"]
[SourceTitle "playchess.com"]
[Source "ChessBase"]
[SourceQuality "1"]
[TimeControl "40/5400+30:1800+30"]

1. d4 Nf6 2. c4 e6 3. Nf3 b6 4. a3 Bb7 5. Nc3 d5 6. cxd5 Nxd5 7. Qc2 Nd7 8. e4 Nxc3 9. bxc3 c5 10. Bd3 Be7 11. O-O O-O 12. Rd1 cxd4 13. cxd4 h6 14. Qe2 Rc8 15. Bb2 Qc7 16. e5 Nb8 17. Rac1 Qd7 18. Bb1 Rxc1 19. Bxc1 Qa4 20. Re1 Rd8 21. Qd3 g6 22. Bc2 Qa6 23. Qe3 Bxf3 24. Qxf3 Qc4 25. Bb3 Qxd4 26. Bxh6 Qd3 27. Qb7 Qd7 28. Qf3 Qd3 29. Qb7 Qd7 30. Qf3 Qd3 31. Qb7 Qd7 32. Qe4 Na6 33. Bc2 Qd4 34. Qf3 Qc4 35. Bb1 Nc5 36. Rc1 Qb3 37. Qg4 Nd3 38. Bxd3 Qxd3 39. a4 Rd4 40. Bf4 Qf5 41. Qxf5 exf5 42. Be3 Rxa4 43. f4 Ba3 44. Rc8+ Kg7 45. Rc7 Kf8 46. Kf2 b5 47. Rxa7 Rxa7 48. Bxa7 Ke7 49. Ke2 Ke6 50. Kd3 Kd5 51. Be3 Bc5 52. Bc1 Bf2 53. Ba3 Bg1 54. h3 Bh2 55. Bc1 Bg3 56. Ke3 Kc4 57. Kf3 Bh4 58. g3 Be7 59. g4 Kc3 60. Kg3 b4 61. h4 b3 62. h5 gxh5 63. gxf5 Kc2 64. f6 Bb4 65. f5 Bc3 66. e6 Bxf6 67. Ba3 fxe6 68. fxe6 Be7 69. Bxe7 b2 70. Bg5 b1=Q 71. e7 Qb8+ 72. Kh4 Qe8 73. Kg3 Kd3 74. Kf4 Kd4 75. Kf5 Qf7+ 76. Bf6+ Kd5 77. Kg5 0-1

[Event "FIDE WYCC Girls U14 2023"]
[Site "Montesilvano"]
[Date "2023.11.20"]
[Round "7.13"]
[White "Maral Altankhuyag"]
[Black "Natoli, Alessia"]
[Result "0-1"]
[ECO "D23"]
[WhiteElo "1398"]
[BlackElo "1756"]
[Annotator "NA COMBH"]
[PlyCount "72"]
[EventDate "2023.11.13"]
[EventType "swiss"]
[EventCountry "ITA"]
[SourceTitle "playchess.com"]
[Source "ChessBase"]
[SourceQuality "1"]
[TimeControl "40/5400+30:1800+30"]

1. d4 d5 2. c4 dxc4 3. Nf3 Nf6 4. g3 c5 5. Bg2 Nc6 6. e3 Bf5 7. O-O Bd3 8. Re1 e6 9. Qa4 Qa5 10. Qxa5 Nxa5 11. Ne5 Rb8 12. Bd2 Nc6 13. Nxc6 bxc6 14. Bxc6+ Kd8 15. Ba5+ Kc8 16. Nc3 Rxb2 17. dxc5 Be7 18. a3 Nd7 19. Nb5 Bxc5 20. Bc3 Rb3 21. Bxg7 Rg8 22. Bd4 Bxd4 23. exd4 a6 24. Nd6+ Kc7 25. Bxd7 Kxd6 26. Ba4 Rb2 27. Rac1 Kd5 28. Red1 Rgb8 29. Bc6+ Kxd4 30. Kg2 Rb1 31. Kf3 Rxc1 32. Rxc1 Rb1 33. Rxb1 Bxb1 34. Ke2 Kc3 35. Ba4 Kb2 36. f4 c3 0-1

[Event "FIDE WYCC Girls U14 2023"]
[Site "Montesilvano"]
[Date "2023.11.20"]
[Round "7.14"]
[White "Trunz, Tamila"]
[Black "Lyutsinger, Iren"]
[Result "0-1"]
[ECO "B92"]
[WhiteElo "1732"]
[BlackElo "2020"]
[Annotator "NA RC"]
[PlyCount "62"]
[EventDate "2023.11.13"]
[EventType "swiss"]
[EventCountry "ITA"]
[SourceTitle "playchess.com"]
[Source "ChessBase"]
[SourceQuality "1"]
[TimeControl "40/5400+30:1800+30"]

1. e4 c5 2. Nf3 d6 3. d4 cxd4 4. Nxd4 Nf6 5. Nc3 a6 6. Be2 e5 7. Nb3 Be7 8. Be3 Be6 9. O-O O-O 10. Qd2 b5 11. a4 b4 12. Nd5 Nxe4 13. Nxe7+ Qxe7 14. Qxb4 f5 15. Na5 Nd7 16. Nc6 Qf7 17. Rad1 Rac8 18. Rxd6 a5 19. Qa3 Nxd6 20. Qxd6 Rce8 21. Bb5 f4 22. Bd2 f3 23. Re1 fxg2 24. Be3 Qf6 25. Nxa5 Rf7 26. Rd1 Qh4 27. Qd2 Ref8 28. Bc6 e4 29. Bb5 Ne5 30. Kxg2 Ng4 31. Rh1 Rxf2+ 0-1

[Event "FIDE WYCC Girls U14 2023"]
[Site "Montesilvano"]
[Date "2023.11.20"]
[Round "7.15"]
[White "Smietanska, Wiktoria"]
[Black "Caku, Kler"]
[Result "1/2-1/2"]
[ECO "A17"]
[WhiteElo "2009"]
[BlackElo "1740"]
[Annotator "NA RC"]
[PlyCount "235"]
[EventDate "2023.11.13"]
[EventType "swiss"]
[EventCountry "ITA"]
[SourceTitle "playchess.com"]
[Source "ChessBase"]
[SourceQuality "1"]
[TimeControl "40/5400+30:1800+30"]

1. c4 e6 2. Nc3 Nf6 3. Nf3 Be7 4. e3 O-O 5. b3 b6 6. Bb2 Bb7 7. Be2 d5 8. O-O dxc4 9. Bxc4 c5 10. d4 Nc6 11. d5 exd5 12. Nxd5 Nxd5 13. Bxd5 Bf6 14. Bxf6 Qxf6 15. e4 Rad8 16. Nd2 Ba6 17. Re1 Ne5 18. Re3 Ng4 19. Rf3 Qe5 20. Rg3 Nf6 21. Nc4 Bxc4 22. bxc4 b5 23. Qc1 bxc4 24. Bxc4 Nxe4 25. Re3 Qd4 26. Bd3 Nf6 27. h3 Rfe8 28. Rg3 Rc8 29. Rb1 c4 30. Bf5 Rb8 31. Rxb8 Rxb8 32. Rc3 Qd5 33. Qf4 Re8 34. Rxc4 g6 35. Bc2 Nh5 36. Qc7 Re1+ 37. Kh2 Re8 38. Bb3 Qf5 39. Rc3 Qf4+ 40. Qxf4 Nxf4 41. Rc7 Ne6 42. Rxa7 Kg7 43. a4 Kf6 44. Rb7 Ra8 45. Kg1 Ra6 46. Kf1 Nd8 47. Rd7 Ne6 48. Ke2 Ke5 49. Ke3 Rb6 50. Bxe6 Kxe6 51. Rd3 Rb4 52. Ra3 Kd7 53. Kd3 Kc7 54. Kc2 Rh4 55. Rf3 Rxa4 56. Rxf7+ Kd6 57. Kd3 Rh4 58. Ke3 Ke6 59. Ra7 Kf6 60. f4 Rh5 61. Kf3 h6 62. Rh7 g5 63. fxg5+ Kxg5 64. Ra7 Kg6 65. Ra6+ Kg7 66. Kf4 Rb5 67. Re6 Rb4+ 68. Kf5 Rb5+ 69. Re5 Rb7 70. Kg4 Kg6 71. Re6+ Kg7 72. Kh5 Rb5+ 73. Kh4 Rb4+ 74. g4 Rb3 75. Re1 Ra3 76. Rg1 Ra5 77. Rg3 Rb5 78. Ra3 Rc5 79. Kg3 Rb5 80. h4 Rb7 81. Ra4 Rf7 82. Rf4 Ra7 83. Re4 Rf7 84. Re5 Ra7 85. Kf4 Rf7+ 86. Rf5 Ra7 87. Rb5 Rf7+ 88. Ke5 Re7+ 89. Kf4 Rf7+ 90. Rf5 Ra7 91. Re5 Rf7+ 92. Ke4 Ra7 93. Re6 Ra4+ 94. Kf5 Ra5+ 95. Re5 Ra7 96. Kf4 Rf7+ 97. Ke4 Ra7 98. Rd5 Re7+ 99. Kf4 Rf7+ 100. Ke3 Ra7 101. Rd4 Re7+ 102. Kf4 Ra7 103. Ke5 Re7+ 104. Kf5 Rf7+ 105. Ke6 Rf6+ 106. Ke5 Rf7 107. Rd6 Re7+ 108. Re6 Ra7 109. g5 hxg5 110. hxg5 Ra5+ 111. Kf4 Ra4+ 112. Kf5 Ra5+ 113. Kg4 Ra1 114. Re4 Rg1+ 115. Kf5 Rf1+ 116. Ke5 Kg6 117. Rg4 Rf5+ 118. Ke4 1/2-1/2